XFBL
TORONTO BLUE JAYS @ BOSTON RED SOX
07/27/1982
 
TOP OF THE 1ST
Toronto Blue Jays batting - Pitching for Boston Red Sox : LHP Kenneth Kollmyer
Pitching: LHP Kenneth Kollmyer
Batting: SHB Harold Reynolds 0-0: Ground out 4-3 (Groundball, 4, EV 78.1 MPH)
Batting: LHB Sheldon Mallory 0-0: Ball
1-0: Ball
2-0: Ball
3-0: Base on Balls
Batting: LHB Chad Daley 0-0: Foul Ball, location: 2F
0-1: Foul Ball, location: 2F
0-2: Grounds into double play, 6-4-3 (Groundball, 6, EV 103.8 MPH)
Top of the 1st over - 0 runs, 0 hits, 0 errors, 0 left on base; Toronto 0 - Boston 0
BOTTOM OF THE 1ST
Boston Red Sox batting - Pitching for Toronto Blue Jays : LHP Thomas Linnert
Pitching: LHP Thomas Linnert
Batting: RHB Kevin Klettke 0-0: Called Strike
0-1: Fly out, F9 (Flyball, 9D, EV 71.9 MPH)
Batting: LHB Willie Aikens 0-0: Ball
1-0: Ball
2-0: Ball
3-0: Base on Balls
Batting: RHB Jeff Burroughs 0-0: Ball
1-0: SINGLE (Flyball, 8LS, EV 96.9 MPH)
Willie Aikens to second
Runner from 2nd tries for 3rd, SAFE, no throw by CF
Batting: LHB George Brett 0-0: Ball
1-0: Called Strike
1-1: Foul Ball, location: 2F
1-2: Ball
2-2: 3-RUN HOME RUN (Flyball, 89XD, EV 97.5 MPH), Distance : 466 ft
Batting: RHB Devin Pike 0-0: Called Strike
0-1: Ball
1-1: Ball
2-1: Foul Ball, location: 2F
2-2: Ball
3-2: Ground out 5-3 (Groundball, 5, EV 84.4 MPH)
Batting: LHB Karl Pagel 0-0: Called Strike
0-1: Ball
1-1: Foul Ball, location: 2F
1-2: Strikes out swinging
Bottom of the 1st over - 3 runs, 2 hits, 0 errors, 0 left on base; Toronto 0 - Boston 3
TOP OF THE 2ND
Toronto Blue Jays batting - Pitching for Boston Red Sox : LHP Kenneth Kollmyer
Batting: RHB Andres Galarraga 0-0: Called Strike
0-1: Swinging Strike
0-2: Ball
1-2: Ball
2-2: Strikes out swinging
Batting: RHB Cal Ripken 0-0: Swinging Strike
0-1: Foul Ball, location: 2F
0-2: Strikes out looking
Batting: LHB Steve Stroughter 0-0: Hit by Pitch
Batting: RHB Amos Otis 0-0: Called Strike
0-1: Fly out, F4 (Flyball, 4D, EV 91.9 MPH)
Top of the 2nd over - 0 runs, 0 hits, 0 errors, 1 left on base; Toronto 0 - Boston 3
BOTTOM OF THE 2ND
Boston Red Sox batting - Pitching for Toronto Blue Jays : LHP Thomas Linnert
Batting: SHB Nelson Norman 0-0: Ball
1-0: Reached on error, E5 (Groundball, 5S, EV 83.8 MPH)
Batting: SHB Scotti Madison 0-0: Ball
1-0: Ground out 5-3 (Groundball, 56, EV 90.0 MPH)
Batting: LHB Daryl Sconiers 0-0: Ball
1-0: Called Strike
1-1: Foul Ball, location: 2F
1-2: Foul Ball, location: 2F
1-2: Ball
2-2: Ball
3-2: Foul Ball, location: 2F
3-2: Strikes out swinging
Batting: RHB Kevin Klettke 0-0: Ball
1-0: Called Strike
1-1: Foul Ball, location: 2F
1-2: Ball
2-2: Strikes out looking
Bottom of the 2nd over - 0 runs, 0 hits, 1 error, 1 left on base; Toronto 0 - Boston 3
TOP OF THE 3RD
Toronto Blue Jays batting - Pitching for Boston Red Sox : LHP Kenneth Kollmyer
Batting: LHB Carlos May 0-0: Swinging Strike
0-1: Foul Ball, location: 2F
0-2: Ball
1-2: Strikes out swinging
Batting: RHB Hector Cruz 0-0: Ground out 5-3 (Groundball, 56, EV 108.1 MPH)
Batting: SHB Harold Reynolds 0-0: Foul Ball, location: 2F
0-1: SINGLE (Line Drive, 6M, EV 109.4 MPH)
Batting: LHB Sheldon Mallory 0-0: Ball
1-0: Swinging Strike
1-1: Called Strike
1-2: Foul Ball, location: 2F
1-2: SINGLE (Flyball, 78S, EV 93.1 MPH)
Harold Reynolds to second
Runner from 2nd tries for 3rd, SAFE, throw by LF made to third
Batting: LHB Chad Daley 0-0: SINGLE (Line Drive, 5D, EV 95.0 MPH)
Harold Reynolds scores
Sheldon Mallory to second
Runner from 2nd tries for 3rd, SAFE, no throw by LF
Batting: RHB Andres Galarraga 0-0: SINGLE (Line Drive, 78S, EV 91.3 MPH)
Sheldon Mallory scores
Chad Daley to second
Batting: RHB Cal Ripken 0-0: Ball
1-0: Ball
Wild Pitch!
Chad Daley to third
Andres Galarraga to second
2-0: Ball
3-0: Called Strike
3-1: Foul Ball, location: 2F
3-2: Base on Balls
Batting: LHB Steve Stroughter 0-0: Called Strike
0-1: Foul Ball, location: 2F
0-2: Ball
1-2: Ball
2-2: Ground out U3 (Groundball, 3, EV 98.1 MPH)
Top of the 3rd over - 2 runs, 4 hits, 0 errors, 3 left on base; Toronto 2 - Boston 3
BOTTOM OF THE 3RD
Boston Red Sox batting - Pitching for Toronto Blue Jays : LHP Thomas Linnert
Batting: LHB Willie Aikens 0-0: Called Strike
0-1: Ball
1-1: Called Strike
1-2: Fly out, F8 (Flyball, 8LM, EV 90.0 MPH)
Batting: RHB Jeff Burroughs 0-0: Foul Ball, location: 2F
0-1: Swinging Strike
0-2: Ball
1-2: SINGLE (Line Drive, 7LM, EV 100.0 MPH)
Batting: LHB George Brett 0-0: Called Strike
0-1: Ball
1-1: Called Strike
1-2: Strikes out swinging
Batting: RHB Devin Pike 0-0: Fly out, F9 (Line Drive, 9, EV 105.0 MPH)
Bottom of the 3rd over - 0 runs, 1 hit, 0 errors, 1 left on base; Toronto 2 - Boston 3
TOP OF THE 4TH
Toronto Blue Jays batting - Pitching for Boston Red Sox : LHP Kenneth Kollmyer
Batting: RHB Amos Otis 0-0: Foul Ball, location: 2F
0-1: Called Strike
0-2: Strikes out looking
Batting: LHB Carlos May 0-0: Ball
1-0: Ball
2-0: Ball
3-0: Called Strike
3-1: Called Strike
3-2: Fly out, F4 (Flyball, 4MD, EV 85.6 MPH)
Batting: RHB Hector Cruz 0-0: Called Strike
0-1: Called Strike
0-2: Fly out, F4 (Flyball, 4MD, EV 71.9 MPH)
Top of the 4th over - 0 runs, 0 hits, 0 errors, 0 left on base; Toronto 2 - Boston 3
BOTTOM OF THE 4TH
Boston Red Sox batting - Pitching for Toronto Blue Jays : LHP Thomas Linnert
Batting: LHB Karl Pagel 0-0: Ball
1-0: Ball
2-0: Swinging Strike
2-1: Called Strike
2-2: Ball
3-2: Base on Balls
Batting: SHB Nelson Norman 0-0: Called Strike
0-1: Fly out, F5 (Popup, 25F, EV 81.9 MPH)
Batting: SHB Scotti Madison 0-0: Ball
1-0: Ball
2-0: Fly out, F3 (Popup, 3F, EV 62.5 MPH)
Batting: LHB Daryl Sconiers 0-0: Called Strike
0-1: Swinging Strike
0-2: Ground out U3 (Groundball, 3, EV 111.9 MPH)
Bottom of the 4th over - 0 runs, 0 hits, 0 errors, 1 left on base; Toronto 2 - Boston 3
TOP OF THE 5TH
Toronto Blue Jays batting - Pitching for Boston Red Sox : LHP Kenneth Kollmyer
Batting: SHB Harold Reynolds 0-0: Ground out 6-3 (Groundball, 6M, EV 86.3 MPH)
Batting: LHB Sheldon Mallory 0-0: Swinging Strike
0-1: Ball
1-1: Ground out 2-3 (Groundball, 2L, EV 66.9 MPH)
Batting: LHB Chad Daley 0-0: Swinging Strike
0-1: Ball
1-1: Ground out 1-3 (Groundball, 13S, EV 70.6 MPH)
Top of the 5th over - 0 runs, 0 hits, 0 errors, 0 left on base; Toronto 2 - Boston 3
BOTTOM OF THE 5TH
Boston Red Sox batting - Pitching for Toronto Blue Jays : LHP Thomas Linnert
Batting: RHB Kevin Klettke 0-0: Swinging Strike
0-1: Swinging Strike
0-2: Ball
1-2: Ball
2-2: DOUBLE (Flyball, 89D, EV 105.6 MPH)
Batting: LHB Willie Aikens 0-0: Ball
1-0: Sac Bunt to 23 - play at first, batter OUT! 3-4
Kevin Klettke to third
Batting: RHB Jeff Burroughs 0-0: Ground out 5-3 (Groundball, 56, EV 105.6 MPH)
Kevin Klettke scores
Batting: LHB George Brett 0-0: Ball
1-0: Foul Ball, location: 2F
1-1: Foul Ball, location: 2F
1-2: Ball
2-2: Foul Ball, location: 2F
2-2: Fly out, F2 (Popup, 25F, EV 78.1 MPH)
Bottom of the 5th over - 1 run, 1 hit, 0 errors, 0 left on base; Toronto 2 - Boston 4
TOP OF THE 6TH
Toronto Blue Jays batting - Pitching for Boston Red Sox : LHP Kenneth Kollmyer
Batting: RHB Andres Galarraga 0-0: Called Strike
0-1: Ball
1-1: Ground out 6-3 (Groundball, 6, EV 107.5 MPH)
Batting: RHB Cal Ripken 0-0: Called Strike
0-1: Ball
1-1: Ground out 5-3 (Groundball, 56S, EV 83.8 MPH)
Batting: LHB Steve Stroughter 0-0: Ball
1-0: Called Strike
1-1: Foul Ball, location: 2F
1-2: Ball
2-2: Strikes out swinging
Top of the 6th over - 0 runs, 0 hits, 0 errors, 0 left on base; Toronto 2 - Boston 4
BOTTOM OF THE 6TH
Boston Red Sox batting - Pitching for Toronto Blue Jays : LHP Thomas Linnert
Batting: RHB Devin Pike 0-0: Fly out, F8 (Flyball, 78D, EV 91.3 MPH)
Batting: LHB Karl Pagel 0-0: Ball
1-0: Foul Ball, location: 2F
1-1: Ground out 6-3 (Groundball, 6, EV 82.5 MPH)
Batting: SHB Nelson Norman 0-0: Ball
1-0: Ball
2-0: Foul Ball, location: 2F
2-1: Ball
3-1: Called Strike
3-2: Foul Ball, location: 2F
3-2: Foul Ball, location: 2F
3-2: Ground out 1-3 (Groundball, 13S, EV 71.9 MPH)
Bottom of the 6th over - 0 runs, 0 hits, 0 errors, 0 left on base; Toronto 2 - Boston 4
TOP OF THE 7TH
Toronto Blue Jays batting - Pitching for Boston Red Sox : LHP Kenneth Kollmyer
Batting: RHB Amos Otis 0-0: Ball
1-0: Called Strike
1-1: Foul Ball, location: 2F
1-2: Ball
2-2: Strikes out swinging, 2-3 out at first.
Batting: LHB Carlos May 0-0: Ball
1-0: Ball
2-0: Ball
3-0: Called Strike
3-1: SINGLE (Line Drive, 34, EV 100.6 MPH)
Batting: RHB Hector Cruz 0-0: Ball
1-0: Ball
2-0: Ball
3-0: Called Strike
3-1: Base on Balls
Carlos May to second
Batting: SHB Harold Reynolds 0-0: Ball
1-0: Ball
2-0: Called Strike
2-1: Foul Ball, location: 2F
2-2: Foul Ball, location: 2F
2-2: Fly out, F9 (Line Drive, 89S, EV 90.0 MPH)
Batting: LHB Sheldon Mallory 0-0: Ground out 5-3 (Groundball, 56S, EV 74.4 MPH)
Top of the 7th over - 0 runs, 1 hit, 0 errors, 2 left on base; Toronto 2 - Boston 4
BOTTOM OF THE 7TH
Boston Red Sox batting - Pitching for Toronto Blue Jays : LHP Thomas Linnert
Batting: SHB Scotti Madison 0-0: Foul Ball, location: 2F
0-1: Ball
1-1: Ball
2-1: Foul Ball, location: 2F
2-2: SINGLE (Line Drive, 9LS, EV 105.0 MPH)
Batting: LHB Daryl Sconiers 0-0: Ground out 3-1 (Groundball, 3L, EV 90.0 MPH)
Scotti Madison to second
Batting: RHB Kevin Klettke 0-0: Foul Ball, location: 2F
0-1: Ball
1-1: Ball
2-1: Foul Ball, location: 2F
2-2: Foul Ball, location: 2F
2-2: Fly out, F7 (Flyball, 78M, EV 74.4 MPH)
Pitching: RHP Nick Piazza
Batting: LHB Willie Aikens 0-0: Fly out, F5 (Popup, 5S, EV 86.3 MPH)
Bottom of the 7th over - 0 runs, 1 hit, 0 errors, 1 left on base; Toronto 2 - Boston 4
TOP OF THE 8TH
Toronto Blue Jays batting - Pitching for Boston Red Sox : LHP Kenneth Kollmyer
Batting: LHB Chad Daley 0-0: Called Strike
0-1: Swinging Strike
0-2: Foul Ball, location: 2F
0-2: Strikes out looking
Batting: RHB Andres Galarraga 0-0: Foul Ball, location: 2F
0-1: Ball
1-1: Called Strike
1-2: Ball
2-2: Ball
3-2: Strikes out swinging passed ball, reaches first!
Pitching: LHP Gary Pickert
Batting: RHB Cal Ripken 0-0: Called Strike
0-1: Ball
1-1: Foul Ball, location: 2F
1-2: Ball
2-2: Ball
3-2: Base on Balls
Andres Galarraga to second
Pinch Hitting: RHB Chris Speier 0-0: Ball
1-0: Ball
2-0: Ball
3-0: Called Strike
3-1: Base on Balls
Andres Galarraga to third
Cal Ripken to second
Pitching: RHP Luis Albo
Batting: RHB Amos Otis 0-0: Called Strike
0-1: Ball
1-1: Ball
2-1: Foul Ball, location: 2F
2-2: Foul Ball, location: 2F
2-2: Strikes out looking
Batting: LHB Carlos May 0-0: Ball
1-0: SINGLE (Groundball, 3D, EV 97.5 MPH)
Andres Galarraga scores
Cal Ripken to third
Chris Speier to second
Runner from 3rd tries for Home, SAFE, throw by RF to home
Batting: RHB Hector Cruz 0-0: Called Strike
0-1: Swinging Strike
0-2: Strikes out swinging
Top of the 8th over - 2 runs, 1 hit, 0 errors, 2 left on base; Toronto 4 - Boston 4
BOTTOM OF THE 8TH
Boston Red Sox batting - Pitching for Toronto Blue Jays : RHP Nick Piazza
Now in CF: Jose Gonzalez
Batting: RHB Jeff Burroughs 0-0: SINGLE (Line Drive, 7LS, EV 105.0 MPH)
Batting: LHB George Brett 0-0: SINGLE (Groundball, 56D, EV 102.5 MPH)
Jeff Burroughs to second
Batting: RHB Devin Pike 0-0: Ball
1-0: Fielders Choice at 2nd, 5-4 (Groundball, 56, EV 85.0 MPH)
Jeff Burroughs to third
Batting: LHB Karl Pagel 0-0: Swinging Strike
0-1: Called Strike
0-2: Strikes out swinging
Batting: SHB Nelson Norman 0-0: Ball
1-0: Ball
2-0: Ground out 4-3 (Groundball, 4, EV 85.0 MPH)
Bottom of the 8th over - 0 runs, 2 hits, 0 errors, 2 left on base; Toronto 4 - Boston 4
TOP OF THE 9TH
Toronto Blue Jays batting - Pitching for Boston Red Sox : RHP Luis Albo
Batting: SHB Harold Reynolds 0-0: Foul Ball, location: 2F
0-1: Fly out, F7 (Flyball, 7D, EV 95.6 MPH)
Batting: LHB Sheldon Mallory 0-0: Ball
1-0: Foul Ball, location: 2F
1-1: Swinging Strike
1-2: Ball
2-2: Ball
3-2: Foul Ball, location: 2F
3-2: Strikes out swinging
Batting: LHB Chad Daley 0-0: Ball
1-0: Called Strike
1-1: Ball
2-1: Ground out 6-3 (Groundball, 6, EV 79.4 MPH)
Top of the 9th over - 0 runs, 0 hits, 0 errors, 0 left on base; Toronto 4 - Boston 4
BOTTOM OF THE 9TH
Boston Red Sox batting - Pitching for Toronto Blue Jays : RHP Nick Piazza
Batting: SHB Scotti Madison 0-0: Called Strike
0-1: Ball
1-1: Ball
2-1: Foul Ball, location: 2F
2-2: Foul Ball, location: 2F
2-2: Ball
3-2: Base on Balls
Batting: LHB Daryl Sconiers 0-0: Ball
1-0: Swinging Strike
1-1: Ball
2-1: 2-RUN HOME RUN (Flyball, 89XD, EV 105.0 MPH), Distance : 449 ft
Bottom of the 9th over - 2 runs, 1 hit, 0 errors, 0 left on base; Toronto 4 - Boston 6
Wednesday, August 19th, 2020 - OOTP Baseball 21.5 Build 76